 Dungeon Crawl Stone Soup version 0.22.1-2-g9c5b331 (webtiles) character file.

687 clovenhoof the Bolt Thrower (level 7, -4/61 HPs)
             Began as a Red Draconian Wanderer on Nov 19, 2018.
             Was a Follower of Nemelex Xobeh.
             Slain by a centaur (9 damage)
             ... on level 5 of the Dungeon on Nov 27, 2018.
             The game lasted 00:18:14 (3490 turns).

clovenhoof the Bolt Thrower (DrWn)                  Turns: 3490, Time: 00:18:15

Health: -4/61      AC:  6    Str: 15    XL:     7   Next: 35%
Magic:  8/8        EV: 12    Int: 13    God:    Nemelex Xobeh [*.....]
Gold:   232        SH:  0    Dex: 11    Spells: 6/6 levels left

rFire    + . .     SeeInvis .   n - +0 trident
rCold    . . .     Gourm    .   (no shield)
rNeg     . . .     Faith    .   (armour unavailable)
rPois    .         Spirit   .   (helmet restricted)
rElec    .         Reflect  .   (no cloak)
rCorr    .         Harm     .   (no gloves)
MR       .....                  (no boots)
Stlth    +.........             (no amulet)
HPRegen  0.20/turn              (no ring)
MPRegen  0.11/turn              (no ring)

@: short of breath
A: breathe fire, unfitting armour, fire resistance 1, cold-blooded, AC +6
a: Breathe Fire, Renounce Religion


You were on level 5 of the Dungeon.
You worshipped Nemelex Xobeh.
Nemelex Xobeh was aware of your devotion.
You were not hungry.

You visited 1 branch of the dungeon, and saw 5 of its levels.

You collected 232 gold pieces.

Inventory:

Hand Weapons
 a - a +3 hand crossbow
 n - a +0 trident (weapon)
Missiles
 e - 4 steel javelins (quivered)
Scrolls
 b - a scroll of remove curse
 d - 2 scrolls of teleportation
 j - 2 scrolls of identify
Potions
 h - 2 potions of heal wounds
 i - a potion of haste
 k - a potion of cancellation
 l - a potion of berserk rage
Miscellaneous
 g - a plain deck of destruction {drawn: 1}
 m - a plain deck of destruction
Comestibles
 c - 10 chunks of flesh
 f - 10 rations


   Skills:
 + Level 5.4 Fighting
 + Level 3.1 Polearms
 + Level 6.4 Crossbows
 + Level 1.9 Throwing
 + Level 2.0 Dodging
 + Level 0.9 Stealth
   Level 2.0 Evocations


You had 6 spell levels left.
You didn't know any spells.
Your spell library was empty.

Dungeon Overview and Level Annotations

Branches:
Dungeon (5/15)
 Temple: D:4-7

Altars:
Nemelex Xobeh

Shops:
D:5 }


Innate Abilities, Weirdness & Mutations

You can breathe blasts of fire.
Your fiery red scales are hard. (AC +6)
You cannot fit into any form of body armour.
Your flesh is heat resistant. (rF+)
You are cold-blooded and may be slowed by cold attacks.


Message History

Aim: a centaur, wielding a shortbow (heavily wounded)
You reach to attack!
You barely miss the centaur.
The centaur is heavily wounded.
The centaur shoots an arrow.
The arrow hits you.
* * * LOW HITPOINT WARNING * * *
Press: ? - help, Shift-Dir - straight line, f/p - centaur
Aim: a centaur, wielding a shortbow (heavily wounded)
You breathe a blast of fire.
The fiery breath hits the centaur.
The centaur is severely wounded.
You feel somewhat more hungry.
The centaur unwields an uncursed shortbow.
The centaur hits you.
* * * LOW HITPOINT WARNING * * *
You hit the centaur but do no damage.
Your tail-slap misses the centaur.
The centaur is severely wounded.
The centaur hits you!
* * * LOW HITPOINT WARNING * * *
The centaur hits you!
You die...
Your body disappears without a glow.

#...# #...######## .
#..........#
#.####..........####
.....'............>#
#.##.#...........#.#
#.##.####........#.#
.......##........#.#
####.#..########@#.#
.....##.########c#.#
####.....c.....5ยง..#
#.###.#######+###
#.#<^......
#..........
######.#### .. .#


You could see a centaur and a shadow imp.

Vanquished Creatures
  The ghost of javamarket the Magician, an amateur DEWz of Qazlal (D:4)
  2 phantoms (D:4)
  A howler monkey (D:5)
  An orc wizard (D:4)
  2 orc priests (D:4)
  An iguana (D:4)
  Natasha (thrice) (D:3)
  A worker ant (D:4)
  4 adders
  An ooze (D:3)
  An adder skeleton (D:4)
  5 dart slugs
  10 orcs
  2 giant cockroaches
  7 goblins
  7 hobgoblins
  2 jackals (D:1)
  A quokka (D:3)
  7 bats
  5 frilled lizards
  4 kobolds
  8 rats
76 creatures vanquished.

Vanquished Creatures (others)
  An orc wizard (D:4)
1 creature vanquished.

Grand Total: 77 creatures vanquished

Notes
Turn   | Place    | Note
-------+----------+-------------------------------------------
     0 | D:1      | clovenhoof the Draconian Wanderer began the quest for the
                  | Orb.
     0 | D:1      | clovenhoof set off with: a +2 hand crossbow, 20 bolts, a
                  | potion of lignification, a scroll of teleportation, a
                  | ration
     0 | D:1      | Reached XP level 1. HP: 19/19 MP: 2/2
   188 | D:1      | Reached XP level 2. HP: 26/26 MP: 3/3
   359 | D:1      | Reached skill level 5 in Crossbows
   785 | D:1      | Reached XP level 3. HP: 33/33 MP: 4/4
  1267 | D:2      | Found a sparkling altar of Nemelex Xobeh.
  1272 | D:2      | Became a worshipper of Nemelex Xobeh the Trickster
  1460 | D:3      | Received a gift from Nemelex Xobeh
  1547 | D:3      | Reached XP level 4. HP: 40/40 MP: 5/5
  1885 | D:3      | Noticed Natasha
  1893 | D:3      | Killed Natasha
  1893 | D:3      | Reached skill level 1 in Dodging
  2203 | D:3      | Noticed Natasha
  2205 | D:3      | Killed Natasha
  2205 | D:3      | Reached XP level 5. HP: 37/46 MP: 6/6
  2225 | D:3      | Noticed Natasha
  2235 | D:3      | Killed Natasha
  2262 | D:3      | Reached skill level 6 in Crossbows
  2447 | D:4      | Noticed a phantom
  2511 | D:4      | Killed a phantom
  2511 | D:4      | Reached XP level 6. HP: 28/53 MP: 7/7
  2581 | D:4      | Received a gift from Nemelex Xobeh
  2651 | D:4      | Reached skill level 1 in Throwing
  2732 | D:4      | HP: 1/55 [orc priest/whip (3)]
  2868 | D:4      | Found a runed door.
  2869 | D:4      | Noticed javamarket's ghost (amateur DEWz)
  3062 | D:4      | Reached skill level 5 in Fighting
  3214 | D:4      | Killed javamarket's ghost
  3214 | D:4      | Your scales start taking on a fiery red colour.
  3214 | D:4      | Reached XP level 7. HP: 61/61 MP: 8/8
  3214 | D:4      | Gained mutation: Your flesh is heat resistant. (rF+) [Red
                  | Draconian growth]
  3285 | D:5      | Entered Level 5 of the Dungeon
  3285 | D:5      | Found Etsimouz's Gadget Boutique.
  3285 | D:5      | Reached * piety under Nemelex Xobeh
  3490 | D:5      | Slain by a centaur

Skill      XL: |  1  2  3  4  5  6  7 |
---------------+----------------------+-----
Crossbows      | 5 6 |  6.4
Fighting       | 4 5 |  5.4
Dodging        | 1 2 |  2.0
Throwing       | 1 |  1.9
Polearms       | 2 3 |  3.1
Stealth        | |  0.9
Evocations     | |  2.0

Action                   |  1- 3 |  4- 6 |  7- 9 || total
-------------------------+-------+-------+-------++-------
Melee: Hand crossbow     |     1 |       |       ||     1
       Trident           |       |   122 |    50 ||   172
       Tailslap          |       |    13 |     4 ||    17
 Fire: Hand crossbow     |    79 |    41 |       ||   120
Throw: Javelin           |       |    26 |     7 ||    33
 Abil: Breathe Fire      |       |       |     2 ||     2
Evoke: Deck              |       |     1 |       ||     1
  Use: Scroll            |     9 |     6 |     1 ||    16
       Potion            |       |     4 |       ||     4
 Stab: Sleeping          |       |       |     1 ||     1
  Eat: Chunk             |     2 |     4 |       ||     6
       Ration            |       |       |     1 ||     1
Armor: Skin              |     7 |    37 |     9 ||    53
Dodge: Dodged            |    18 |    78 |    27 ||   123
